[Event "41st BAN National Women Chess-ch 2022"]
[Site "Dhaka"]
[Date "2022.11.17"]
[Round "1.1"]
[White "Warsia, Khusbu"]
[Black "Khan, Nazrana"]
[Result "1/2-1/2"]
[ECO "B41"]
[WhiteElo "1540"]
[BlackElo "1908"]
[Annotator "TA"]
[PlyCount "129"]
[EventDate "2022.11.17"]
[EventCountry "BAN"]
[SourceTitle "playchess.com"]
[Source "ChessBase"]
[SourceQuality "1"]
[TimeControl "40/5400+30:1800+30"]

1. e4 c5 2. Nf3 e6 3. d4 cxd4 4. Nxd4 a6 5. c4 Nf6 6. Nc3 Qc7 7. a3 b6 8. Be3 Bb7 {[%emt 0:00:18] B41: Sicilian: Kan Variation: 5 c4.} 9. f3 d6 10. Be2 {[%emt 0:01:57] White is more active.} Nbd7 {[%emt 0:06:30] White is slightly better. 10...Nbd7 is better than 10...Be7.} 11. Rc1 Be7 12. b4 Rc8 13. O-O O-O {[%emt 0:02:36] was the old line (13...Qb8).} 14. Kh1 Qb8 15. Nb3 Rfe8 16. Qd4 {[%emt 0:06:10] [#] Prevents d5.} h5 $146 ({Black should try} 16... d5 $11) ({Predecessor:} 16... Rcd8 17. Na4 d5 18. exd5 exd5 19. c5 bxc5 20. bxc5 Bc6 21. Na5 Bxa4 22. Qxa4 Qe5 {½-½ (22) Belikov,V (2435)-Galanov,B (2435) Nagykanizsa 1994}) 17. Na4 d5 {[%emt 0:04:37] [#]} (17... Bd8 $1 $11) 18. cxd5 ({Much less strong is} 18. Nxb6 e5 19. Qb2 Nxb6 20. Bxb6 dxe4 $11) (18. e5 $1 $16) 18... exd5 19. Nxb6 Nxb6 20. Qxb6 {[%emt 0:00:35] And now Na5 would win.} dxe4 21. fxe4 Rxc1 22. Bxc1 Bd8 23. Qf2 Qe5 24. Nc5 Bb6 25. Bf4 Qe7 (25... Nxe4 {with more complications.} 26. Bxe5 Nxf2+ 27. Rxf2 Bxc5 28. bxc5 Rxe5 29. Bc4 g6) 26. Bg5 Bxc5 27. Bxf6 {[%emt 0:04:17] [#] Black must now prevent Qg3.} Bxf2 28. Bxe7 Rxe7 29. Rxf2 Rxe4 $11 {[%emt 0:01:05][%mdl 4096] Endgame KRB-KRB} 30. Kg1 g6 31. Bf3 Re7 32. Bxb7 Rxb7 {[%emt 0:00:35] KR-KR} 33. Rf4 Kf8 {[%emt 0:02:38] The position is equal.} 34. Kf2 Ke7 35. Ke3 a5 36. Rd4 ({But not} 36. bxa5 Rb3+ 37. Kf2 Rxa3 $17) 36... f6 37. Ke4 axb4 38. Rxb4 Ra7 39. a4 Ra5 40. Kd3 Kd6 41. Kc3 g5 42. Rb6+ Kc7 43. Rxf6 Rxa4 44. Rg6 Rg4 45. g3 Kd7 46. Kd3 Ke7 47. Ke3 Kf7 48. Rh6 h4 49. gxh4 gxh4 50. Kf3 Ra4 51. h3 Kg7 52. Re6 Kh7 53. Re4 Rxe4 54. Kxe4 {[%emt 0:00:00] KP-KP} Kg6 55. Kf4 Kh5 56. Kf5 Kh6 57. Kg4 Kg6 58. Kxh4 {[%emt 0:00:00] KP-K} Kh6 59. Kg4 Kg6 60. h4 Kh6 61. h5 Kg7 62. Kg5 Kh7 63. h6 Kg8 64. Kg6 Kh8 65. h7 {[%emt 0:00:00] Weighted Error Value: White=0.09 (flawless) /Black=0.09 (flawless)} 1/2-1/2

[Event "41st BAN National Women Chess-ch 2022"]
[Site "Dhaka"]
[Date "2022.11.17"]
[Round "1.2"]
[White "Sabiha, Marjana"]
[Black "Kazi Zarin, Tasnim"]
[Result "1/2-1/2"]
[ECO "A05"]
[WhiteElo "1267"]
[BlackElo "1860"]
[Annotator "NA RC COMBH"]
[PlyCount "174"]
[EventDate "2022.11.17"]
[EventCountry "BAN"]
[SourceTitle "playchess.com"]
[Source "ChessBase"]
[SourceQuality "1"]
[TimeControl "40/5400+30:1800+30"]

1. Nf3 Nf6 2. g3 c5 3. b3 Nc6 4. Bg2 d5 5. d3 e5 6. Bb2 Bd6 7. Nbd2 O-O 8. O-O Re8 9. e4 d4 10. Nc4 Bf8 (10... Bc7 $15) 11. a3 ({Better is} 11. a4 $1 $11) 11... g6 (11... b5 $15 {was preferrable.} 12. Ncd2 Bd7) 12. c3 (12. a4 $1 $11) 12... b5 13. Ncd2 dxc3 14. Bxc3 Qxd3 15. Bb2 Bh6 16. Re1 Bg4 (16... Rb8 $142 17. Rc1 Qd6) 17. Bf1 {[%emt 0:05:51] [#]} Qd7 ({Better is} 17... Qxd2 $1 $17 18. Nxd2 Bxd1 19. Raxd1 a6) 18. Bxb5 Bxd2 (18... Rad8 {deserves consideration.}) 19. Qxd2 Rad8 (19... Rac8 $11 20. Qe3 Bxf3 21. Qxf3 Qb7) 20. Qxd7 Nxd7 (20... Bxd7 $14 21. Bxc6 Bxc6) 21. Bxc6 Bxf3 22. Rac1 Re6 23. Bxd7 (23. Bd5 $16 Rf6 24. h3) 23... Rxd7 24. Rxc5 f6 25. Rc3 Bg4 26. f3 Bh3 27. Kf2 Red6 28. g4 Rd2+ 29. Re2 Rd1 30. Rc1 Bf1 (30... h5 $14 {might be stronger.}) 31. Rxd1 Rxd1 32. Re1 ({White should try} 32. Rc2 $16) 32... Rd2+ 33. Kxf1 Rxb2 34. Re3 Rxh2 35. Rc3 Rb2 36. b4 a5 (36... h5 $11) 37. bxa5 Rb5 $1 38. a4 (38. a6 $14 Ra5 39. Rc6) 38... Rxa5 39. Rc4 Kg7 40. Ke2 Kh6 41. Kf2 Kg5 42. Kg3 h6 43. Rb4 h5 44. gxh5 gxh5 45. Rc4 h4+ 46. Kh3 Kf4 47. Kxh4 Kxf3 48. Kh5 {[%emt 0:00:09] [#]} (48. Rc6 $11) 48... Kf4 $1 49. Rb4 $2 (49. Kh4 $1 $15) 49... Ra6 $2 ({Black should try} 49... f5 $19 50. exf5+ e4) 50. Kh4 $1 Kf3 51. Kh3 $2 (51. Kh5 $11) 51... Ra8 (51... Ra7 $142 52. Kh2 Ra6) 52. Kh2 {[%emt 0:01:13] [#]} Ke3 $2 (52... f5 $1 $19 53. Rb3+ (53. exf5 $2 e4 $19) 53... Kxe4) 53. Kg2 Rg8+ 54. Kf1 Kd3 55. Kf2 Ra8 56. Kf3 Ra6 57. Kg4 Kc3 58. Rb5 Rxa4 59. Kf5 Kd3 60. Kxf6 Kd4 61. Rxe5 Ra6+ $2 (61... Ra1 $11 {and Black stays safe.}) 62. Kf5 Ra1 63. Rd5+ Kc4 64. Ke6 (64. Rd2 $142 Kc3 65. Rd6) 64... Rh1 65. Rd2 Rh6+ 66. Kf5 Rh5+ 67. Kg4 Rh1 68. e5 Kc5 69. e6 (69. Kg5 $142 Rg1+ 70. Kf6 Rg3 71. Re2 Rf3+ 72. Kg5 Rg3+ 73. Kf4 Rg8 74. Kf5) 69... Re1 70. Kf5 Kc6 71. Kf6 Rf1+ 72. Ke7 Rh1 73. Rf2 Rh7+ 74. Rf7 Rh8 75. Kf6 (75. Rf1 $142 Rh7+ 76. Kf8 Rh8+ 77. Kg7 Rh2 78. Re1 Rg2+ 79. Kf7 Rf2+ 80. Kg6) 75... Kd6 76. Rd7+ Kc6 77. Kg7 Rh1 78. Rf7 $2 (78. Rd3 {mates} Re1 79. Kf7 Rf1+ 80. Ke8 Rg1 81. e7 Rb1 82. Rf3 Kd5 83. Kd8) 78... Kd6 79. e7 Kd7 80. Kf8 Rh8+ 81. Kg7 Rh1 82. Kf6 Rf1+ $11 83. Kg7 Rh1 84. Kg8 Ke8 85. Rg7 Re1 86. Rh7 Rxe7 87. Rxe7+ Kxe7 1/2-1/2

[Event "41st BAN National Women Chess-ch 2022"]
[Site "Dhaka"]
[Date "2022.11.17"]
[Round "1.3"]
[White "Wadifa, Ahmed"]
[Black "Ahmed, Walijah"]
[Result "1/2-1/2"]
[ECO "B01"]
[WhiteElo "1656"]
[BlackElo "1977"]
[Annotator "TA"]
[PlyCount "53"]
[EventDate "2022.11.17"]
[EventCountry "BAN"]
[SourceTitle "playchess.com"]
[Source "ChessBase"]
[SourceQuality "1"]
[TimeControl "40/5400+30:1800+30"]

1. e4 d5 2. exd5 Qxd5 3. Nc3 Qd6 4. Nf3 Nf6 5. d4 Bg4 6. Bc4 {[%emt 0:00:49] B01: Scandinavian Defence.} (6. h3 $14 Bf5 7. Ne5) 6... e6 (6... Nc6 $11 {might be stronger.}) 7. O-O (7. d5 $5 ) 7... Be7 8. Re1 {[%emt 0:00:20] White is slightly better.} c6 {[%emt 0:01:08] Prevents d5.} 9. Ne4 {[%emt 0:01:56] [#]} Qb4 $146 {[%emt 0:02:32] [#] aiming for ...Bxf3.} ({Predecessor:} 9... Nxe4 10. Rxe4 Bxf3 11. Qxf3 Nd7 12. c3 Nf6 13. Bf4 Qd7 14. Re2 O-O 15. Rae1 Nd5 {1-0 (32) Sergeyeva,M (2308)-Munoz Santana,D (1979) Mallorca 2004}) 10. Bb3 Bxf3 11. gxf3 Nbd7 12. c3 Qa5 13. Kh1 h6 (13... Nf8 $15) 14. Nxf6+ (14. Bf4 {looks sharper.} O-O 15. Rg1 Qh5 16. Qd3) 14... Nxf6 15. Bf4 {[%emt 0:01:51] Against Bd6} Qf5 16. Be5 O-O-O 17. Bc2 Qh3 18. Bd3 (18. Rg1 $11) 18... Nh5 (18... Bd6 $15) 19. Bf1 {[%emt 0:00:39] A strong pair of Bishops.} Qh4 {[%emt 0:00:20] [#]} (19... Qf5 $11 {and Black is okay.}) 20. Qa4 $18 Bd6 21. Qxa7 Bxe5 22. dxe5 $2 (22. Rxe5 $18 {Threatens to win with Rc5.} g6 23. Rc5) 22... Rd2 $1 $36 {[%emt 0:04:07][%csl LRb2,LRf2][%mdl 2048] Black has some pressure.} 23. Qa8+ $2 (23. Ba6 $11 bxa6 24. Qxa6+ Kc7 25. Qa7+ Kc8 26. Qa6+ Kc7 27. Qa7+ Kc8 28. Qa6+) 23... Kc7 $19 24. Qa5+ (24. Qxh8 Rxf2 25. Bg2 Qg5) 24... Kb8 25. Rad1 $2 (25. Qc5 Rxf2 26. Bg2) 25... Qxf2 (25... Rxf2 $142 26. Bg2 Ng3+ 27. Kg1 Ne2+ 28. Rxe2 Rxe2) 26. Rxd2 Qxe1 ({Black should try} 26... Qxd2 $19 27. Rb1 Qc2) 27. Rd8+ {[%emt 1:18:11] Weighted Error Value: White=0.75/Black=0.56} 1/2-1/2

[Event "41st BAN National Women Chess-ch 2022"]
[Site "Dhaka"]
[Date "2022.11.17"]
[Round "1.4"]
[White "Talukder, Umme Taslima Protiva"]
[Black "Hamid, Rani"]
[Result "0-1"]
[ECO "E01"]
[WhiteElo "1780"]
[BlackElo "1760"]
[Annotator "NA RC COMBH"]
[PlyCount "152"]
[EventDate "2022.11.17"]
[EventCountry "BAN"]
[SourceTitle "playchess.com"]
[Source "ChessBase"]
[SourceQuality "1"]
[TimeControl "40/5400+30:1800+30"]

1. d4 d5 2. c4 e6 3. Nf3 Nf6 4. g3 Nbd7 5. Bg2 c5 6. Nbd2 Be7 7. Qc2 O-O 8. O-O b6 9. e4 dxe4 10. Nxe4 Bb7 11. Nc3 cxd4 12. Nxd4 Bxg2 13. Kxg2 Rc8 14. b3 Ne5 15. Be3 Qc7 16. Qe2 Qb7+ 17. f3 Rfd8 18. Kg1 Rd7 19. Bf2 Ng6 20. Nc2 h5 21. Rad1 h4 22. Rxd7 Nxd7 23. Qe4 Qxe4 24. fxe4 Nde5 25. Bd4 Nc6 26. Be3 Bf6 27. Ne2 Rd8 28. Kf2 Nge5 29. h3 hxg3+ 30. Kxg3 Ng6 31. Nc1 Kf8 32. Kf2 Ke7 33. Ke2 Rh8 34. Rh1 Rh4 35. c5 b5 36. Nd3 Rxe4 37. Kf3 Rh4 38. Bf2 Rh5 39. Ndb4 Rf5+ 40. Ke3 Nxb4 41. Nxb4 Rxc5 42. Kd3 Rc3+ 43. Kd2 a5 44. Nd3 Rc8 45. Bc5+ Ke8 46. Bb6 Bg5+ 47. Be3 Bxe3+ 48. Kxe3 Rc2 49. a4 b4 50. Kd4 Rc3 51. Nc5 Nf4 52. Nb7 f6 53. Ke4 Nxh3 54. Rb1 Ng5+ 55. Kd4 Nf3+ 56. Ke4 Nd2+ 57. Kf4 Nxb1 58. Nxa5 Nd2 59. Nb7 Nxb3 60. a5 Nxa5 61. Nxa5 b3 62. Nxb3 Rxb3 63. Ke4 Kd7 64. Kf4 Kd6 65. Ke4 Rb4+ 66. Ke3 g5 67. Kf3 f5 68. Kg3 Rb3+ 69. Kf2 g4 70. Kg2 f4 71. Kf2 Rb2+ 72. Kf1 g3 73. Ke1 f3 74. Kd1 g2 75. Kc1 Re2 76. Kd1 g1=Q# 0-1

[Event "41st BAN National Women Chess-ch 2022"]
[Site "Dhaka"]
[Date "2022.11.17"]
[Round "1.5"]
[White "Nusrat Jahan, Alo"]
[Black "Jannatul, Ferdous"]
[Result "1/2-1/2"]
[ECO "B19"]
[WhiteElo "1710"]
[BlackElo "1861"]
[Annotator "NA RC COMBH"]
[PlyCount "87"]
[EventDate "2022.11.17"]
[EventCountry "BAN"]
[SourceTitle "playchess.com"]
[Source "ChessBase"]
[SourceQuality "1"]
[TimeControl "40/5400+30:1800+30"]

1. e4 c6 2. d4 d5 3. Nd2 dxe4 4. Nxe4 Bf5 5. Ng3 Bg6 6. h4 h6 7. Nf3 Nd7 8. h5 Bh7 9. Bd3 Bxd3 10. Qxd3 e6 11. Bd2 Ngf6 12. Ne4 Be7 13. O-O-O Nxe4 14. Qxe4 Nf6 15. Qe2 Qd5 16. Kb1 Qe4 17. Be3 Ng4 18. Nd2 Qf5 (18... Qxg2 $2 19. Rhg1 Nxe3 20. Rxg2 Nxg2 21. Qg4 $18) 19. f3 Nxe3 20. Qxe3 O-O-O 21. Ne4 Qd5 22. Nc3 Qa5 23. Rd3 Rd7 24. g4 Rhd8 25. Rhd1 c5 (25... Bf6 $11) 26. d5 exd5 (26... Qa6 $14) 27. Nxd5 Bf8 (27... Bg5 $16 {was called for.} 28. Qe5 Qa6) 28. c4 (28. Qf4 $18 {has better winning chances.}) 28... Qa6 29. Qc1 Qc6 30. Ra3 b6 31. Rad3 g6 32. Qe3 (32. Qd2 $16) 32... Kb7 33. f4 (33. Qd2 $14) 33... gxh5 34. gxh5 Bg7 35. f5 Bd4 36. Qf4 Rxd5 (36... Re8 $11) 37. cxd5 Rxd5 {[%emt 0:00:02] [#]} 38. Re1 $1 ({Much worse is} 38. Rxd4 $6 cxd4 39. Rxd4 Qd7 40. Rxd5 Qxd5 $11) 38... Qf6 {[%emt 0:00:07] [#]} 39. Rf1 ({Much weaker is} 39. Re8 $6 Qxf5 40. Re7+ Ka6 41. Qxf5 Rxf5 $11) (39. Rf3 $1 $16) 39... Re5 40. Qf3+ Kb8 {[%emt 0:00:15] [#]} (40... Qc6 $11 {keeps the balance.}) 41. Qf4 (41. b4 $1 $16) 41... Kb7 42. Qf3+ Kb8 43. Qf4 Kb7 $1 44. Rd2 $11 1/2-1/2

[Event "41st BAN National Women Chess-ch 2022"]
[Site "Dhaka"]
[Date "2022.11.17"]
[Round "1.6"]
[White "Tasnia Tarannum, Orpa"]
[Black "Noshin, Anjum"]
[Result "0-1"]
[ECO "D02"]
[WhiteElo "1662"]
[BlackElo "1907"]
[Annotator "TA"]
[PlyCount "68"]
[EventDate "2022.11.17"]
[EventCountry "BAN"]
[SourceTitle "playchess.com"]
[Source "ChessBase"]
[SourceQuality "1"]
[TimeControl "40/5400+30:1800+30"]

1. d4 d5 2. Bf4 c5 3. e3 Nc6 4. Nf3 Nf6 5. Nbd2 Qb6 6. dxc5 {[%emt 0:04:01] D02: 1 d4 d5 2 Nf3 sidelines, including 2...Nf6 3 g3 and 2...Nf6 3 Bf4.} Qxb2 7. Nb3 (7. Rb1 $11 {remains equal.} Qc3 8. Bb5) 7... e5 $17 {[%emt 0:20:00] Black is more active.} 8. Bg5 {[%emt 0:06:42] [#]} (8. Bg3 $17 {was forced.}) 8... Qc3+ 9. Qd2 Qxd2+ (9... Ne4 $19 10. Qxc3 Nxc3) 10. Nfxd2 {[%emt 0:01:42] [#]} Nd7 $146 ({Predecessor:} 10... Be7 11. Be2 Bf5 12. Rc1 O-O 13. O-O h6 14. Bh4 Ne4 15. Bxe7 Nxe7 16. Nxe4 Bxe4 {0-1 (67) Sato,L (1830)-Yoshioka,A (1638) Sao Paulo 2014}) 11. Bb5 (11. c4 $17) 11... Nxc5 12. O-O Bd7 13. Rfd1 Ne6 (13... f6 $19 14. Bh4 Nxb3 15. axb3 a6) 14. Bh4 Nc7 15. Be2 Be7 16. Bg3 (16. Bxe7 $15 Nxe7 17. c4) 16... Rc8 17. c4 Be6 18. c5 (18. e4 $17 dxc4 19. Nxc4) 18... O-O $19 19. Nf3 f6 20. Rac1 Rfd8 21. Ne1 (21. Nfd2 {was worth a try.}) 21... a5 22. Nd3 a4 23. Nd2 Na6 24. Rb1 Rd7 25. Rdc1 Na5 26. Rb5 (26. f4 $142 e4 27. Ne1) 26... Nc4 27. Nxc4 dxc4 28. Nb2 (28. Ne1 $142) 28... Nxc5 {[%emt 0:01:16] Black is clearly winning.} 29. Nd1 Ne4 {[%emt 0:04:20] [#] ...c3 is the strong threat.} 30. Rb6 Kf7 {[%emt 0:04:58] Threatens to win with ...c3.} 31. Bf3 Rcd8 32. Rbb1 Nd2 33. Ra1 Ba3 34. Rc3 Nxf3+ {[%emt 0:00:07] Weighted Error Value: White=0.78/Black=0.30} 0-1